 Dungeon Crawl Stone Soup version 0.31-a0-164-g2312942fda (webtiles) character file.

Game seed: 3944113214742532517

88 qw the Shooter (level 4, -2/40 HPs)
             Began as a Naga Hunter on June 13, 2023.
             Splashed by a jelly's acid (8 damage)
             ... on level 3 of the Dungeon.
             The game lasted 00:00:36 (1703 turns).

qw the Shooter (Naga Hunter)                        Turns: 1703, Time: 00:00:36

Health: -2/40      AC: -4    Str: 14    XL:     4   Next: 53%
Magic:  4/4        EV:  9    Int:  9    God:
Gold:   806        SH:  0    Dex: 16    Spells: 3/3 levels left

rFire   . . .        Y - +1 shortbow
rCold   . . .        (shield currently unavailable)
rNeg    . . .        c - +0 leather armour
rPois   +            g - +0 helmet
rElec   .            (no cloak)
rCorr   .            (no gloves)
SInv    +            (no barding)
Will    .....        (no amulet)
Stlth   ++           (no ring)
HPRegen 0.26/turn    (no ring)
MPRegen 0.09/turn

%: no passive effects
@: corroded, very slow
A: AC +1, large, see invisible, deformed body, poison resistance, slowness 2,
spit poison 1, naga tail 1
a: Spit Poison


You were on level 3 of the Dungeon.
You visited 1 branch of the dungeon, and saw 4 of its levels.

You collected 806 gold pieces.


Innate Abilities, Weirdness & Mutations

Your serpentine skin is tough. (AC +1)
You have supernaturally acute eyesight. (SInv)
Armour fits poorly on your strangely shaped body.
Your system is resistant to poisons. (rPois)
You cover ground very slowly.
You can spit poison.
You have a snake-like lower body.


   Skills:
 + Level 2.7 Fighting
 - Level 5.0 Ranged Weapons
 - Level 1.5 Dodging
 - Level 1.5 Stealth


You had 3 spell levels left.
You didn't know any spells.
Your spell library was empty.

Inventory:

Hand Weapons
 Y - a +1 shortbow (weapon)
Armour
 c - a +0 leather armour (worn)
 g - a +0 helmet (worn)
Potions
 a - a potion of curing {unknown}
 e - a potion of mutation {unknown}
 f - a potion of berserk rage {unknown}
 h - a potion of invisibility {unknown}
 j - a potion of cancellation {unknown}

Dungeon Overview and Level Annotations

Branches:
Dungeon (4/15)
 Temple: D:4-7

Altars:

Annotations:
D:2 1 runed translucent door, Crazy Yiuf
D:4 1 transporter


Message History

The jelly is moderately wounded.
You have got your breath back.
The jelly hits you but does no damage.
1698 ||| INVOKING Spit Poison.
Aiming: Spit Poison (1% risk of failure)
Press: ? - help, Shift-Dir - straight line, f - hobgoblin, p - jelly The splash of poison hits the hobgoblin.
The hobgoblin looks even sicker.
You kill the hobgoblin!
The jelly hits you. The acid corrodes you!
You are splashed with acid!
1699 ||| STAIRDANCE The jelly hits you.
You are splashed with acid!
You climb upwards.
There is a stone staircase leading down here.
Enter note:
Enter note:
Enter note:
Enter note:
Enter note:
Enter note:
Enter note:
Enter note:
Enter note:
Enter note:
Enter note:
Enter note: You shoot an arrow.
The arrow hits the jelly but does no damage.
The jelly is moderately wounded.
You have got your breath back.
The jelly hits you. The acid corrodes you!
You are splashed with acid!
You shoot an arrow.
The arrow hits the jelly but does no damage.
The jelly is moderately wounded.
The jelly completely misses you.
You shoot an arrow.
The arrow hits the jelly but does no damage.
The jelly is moderately wounded.
The jelly hits you. The acid corrodes you!
You are splashed with acid!
You die...

##...................
#....................
#...................#
#...............<....
#...................#
#.....[.............#
#....%..............#
##...................
##J@...#...........#
#######.##.......##
#.###........ #.#
######.#.
#.########...
#............
#####.....#.#
##..#####..
##<.........


You could see a jelly.

Vanquished Creatures
  A gnoll (D:1)
  4 adders
  A dart slug (D:3)
  6 ball pythons
  3 bats (D:1)
  5 endoplasms
  A giant cockroach (D:1)
  5 hobgoblins
  A quokka (D:2)
  A frilled lizard (D:3)
  6 goblins
  A kobold (D:1)
  3 rats (D:2)
38 creatures vanquished.

Notes
Turn   | Place    | Note
-------+----------+-------------------------------------------
     0 | D:1      | qw the Naga Hunter began the quest for the Orb.
     0 | D:1      | Reached XP level 1. HP: 19/19 MP: 1/1
     0 | D:1      | 0 ||| qw: Version: 0.2-a-29-gc1b59c4
     0 | D:1      | 0 ||| qw: Game counter: 4460
     0 | D:1      | 0 ||| qw: Always use a shield: true
     0 | D:1      | 0 ||| qw: God list: Okawaru
     0 | D:1      | 0 ||| qw: Allow faded altars: false
     0 | D:1      | 0 ||| qw: Do Orc after D:15 true
     0 | D:1      | 0 ||| qw: Do second Lair branch before Depths: true
     0 | D:1      | 0 ||| qw: Lair rune preference: random
     0 | D:1      | 0 ||| qw: Plans: Normal
     0 | D:1      | 0 ||| PLANNING D:1-11
    48 | D:1      | 48 ||| INVOKING Spit Poison.
    53 | D:1      | 53 ||| INVOKING Spit Poison.
   153 | D:1      | 153 ||| INVOKING Spit Poison.
   154 | D:1      | 154 ||| INVOKING Spit Poison.
   157 | D:1      | Reached skill level 4 in Ranged Weapons
   157 | D:1      | Reached XP level 2. HP: 26/26 MP: 2/2
   209 | D:1      | 209 ||| INVOKING Spit Poison.
   257 | D:1      | 257 ||| INVOKING Spit Poison.
   261 | D:1      | 261 ||| INVOKING Spit Poison.
   276 | D:1      | 276 ||| INVOKING Spit Poison.
   280 | D:1      | 280 ||| INVOKING Spit Poison.
   297 | D:1      | 297 ||| INVOKING Spit Poison.
   548 | D:1      | 548 ||| INVOKING Spit Poison.
   549 | D:1      | Reached XP level 3. HP: 32/32 MP: 3/3
   642 | D:1      | 642 ||| UPGRADING to +0 helmet.
   647 | D:1      | 647 ||| READING scroll labelled VEEGACW IGETZ.
   648 | D:1      | 648 ||| READING 2 scrolls labelled BEKU FOENLUO.
   649 | D:1      | 649 ||| READING scroll labelled HISIZE KEMNA.
   650 | D:1      | 650 ||| DROPPING scroll of butterflies.
   651 | D:1      | 651 ||| DROPPING scroll of revelation.
   701 | D:2      | 701 ||| INVOKING Spit Poison.
   729 | D:2      | 729 ||| INVOKING Spit Poison.
   774 | D:2      | 774 ||| INVOKING Spit Poison.
   826 | D:2      | 826 ||| INVOKING Spit Poison.
   850 | D:2      | 850 ||| INVOKING Spit Poison.
   853 | D:2      | 853 ||| INVOKING Spit Poison.
   883 | D:2      | 883 ||| INVOKING Spit Poison.
   944 | D:2      | Found a runed translucent door.
   945 | D:2      | Noticed Crazy Yiuf
  1013 | D:2      | Found a faded altar of an unknown god.
  1021 | D:2      | 1021 ||| INVOKING Spit Poison.
  1084 | D:2      | 1084 ||| INVOKING Spit Poison.
  1088 | D:2      | 1088 ||| INVOKING Spit Poison.
  1200 | D:2      | 1200 ||| READING scroll labelled RIWKOU XOME.
  1201 | D:2      | 1201 ||| READING scroll labelled LEGAGR LOHIDI.
  1260 | D:2      | 1260 ||| READING scroll labelled FIDWOV JOVULE.
  1261 | D:2      | 1261 ||| READING scroll labelled BOEPEC QAPRAYT.
  1261 | D:2      | Identified a scroll of acquirement
  1261 | D:2      | 1261 ||| ACQUIRING 612 gold pieces
  1261 | D:2      | Acquired 612 gold pieces
  1308 | D:3      | 1308 ||| INVOKING Spit Poison.
  1314 | D:3      | 1314 ||| INVOKING Spit Poison.
  1318 | D:3      | Reached skill level 5 in Ranged Weapons
  1318 | D:3      | Reached XP level 4. HP: 39/39 MP: 4/4
  1318 | D:3      | 1318 ||| INVOKING Spit Poison.
  1321 | D:3      | 1321 ||| INVOKING Spit Poison.
  1461 | D:3      | 1461 ||| INVOKING Spit Poison.
  1467 | D:3      | 1467 ||| INVOKING Spit Poison.
  1493 | D:3      | 1493 ||| INVOKING Spit Poison.
  1494 | D:3      | 1494 ||| INVOKING Spit Poison.
  1512 | D:3      | 1512 ||| INVOKING Spit Poison.
  1532 | D:3      | 1532 ||| INVOKING Spit Poison.
  1672 | D:3      | 1672 ||| READING scroll labelled LUHAJI VIBBE.
  1673 | D:3      | 1673 ||| READING scroll labelled ZAOPOT NOEMIA.
  1674 | D:3      | 1674 ||| READING scroll labelled ZATAZX PANECUX.
  1675 | D:3      | 1675 ||| DRINKING 2 bubbling puce potions.
  1676 | D:3      | 1676 ||| DROPPING potion of enlightenment.
  1694 | D:4      | Found a transporter.
  1695 | D:4      | 1695 ||| INVOKING Spit Poison.
  1698 | D:4      | 1698 ||| INVOKING Spit Poison.
  1699 | D:4      | 1699 ||| STAIRDANCE
  1701 | D:3      | HP: 7/40 [acid (9)]
  1703 | D:3      | Splashed by a jelly's acid

Levels and vault maps discovered:
D:1:      mushboom_english_gardens, layout_loops_ring
D:2:      layout_basic, basic_ecumenical_altar, uniq_crazy_yiuf_cottage
D:3:      layout_rooms, serial_bayou_pond_e
D:4:      layout_cave_pods, gammafunk_ghost_stat_death

Skill      XL: |  1  2  3 |
---------------+----------+-----
Ranged Weapons | 4 5 |  5.0
Fighting       | |  2.7
Dodging        | |  1.5
Stealth        | |  1.5

Action                     |  1- 3 |  4- 6 || total
---------------------------+-------+-------++-------
   Fire: Shortbow          |    46 |    19 ||    65
Ability: Spit Poison       |    22 |     9 ||    31
    Use: Scroll            |     7 |     3 ||    10
         Potion            |       |     1 ||     1
 Armour: Leather armour    |     3 |     3 ||     6
  Dodge: Dodged            |     3 |     4 ||     7

Table legend:
 A = Non-vault XP
 B = Vault XP
 C = Vault XP percentage of total XP
 D = Non-vault monster count
 E = Vault monster count
 F = Vault count percentage of total count
                 A         B        C        D         E       F
            +---------+---------+-------+---------+---------+-------
      Total |     126 |       0 |   0.0 |      38 |       0 |   0.0
            +---------+---------+-------+---------+---------+-------
        D:1 |      35 |       0 |   0.0 |      13 |       0 |   0.0
        D:2 |      29 |       0 |   0.0 |      11 |       0 |   0.0
        D:3 |      60 |       0 |   0.0 |      13 |       0 |   0.0
        D:4 |       2 |       0 |   0.0 |       1 |       0 |   0.0
            +---------+---------+-------+---------+---------+-------
